 Dungeon Crawl Stone Soup version 0.18.1-8-gdd0e5ea (webtiles) character file.

3790 senseless the Blocker (level 9, -7/64 HPs)
             Began as a Minotaur Fighter on May 21, 2016.
             Was a Priest of Okawaru.
             Mangled by an orc knight
             ... wielding a +0 broad axe
              (15 damage)
             ... in a bailey.
             The game lasted 00:26:37 (4222 turns).

senseless the Blocker (Minotaur Fighter)            Turns: 4222, Time: 00:26:37

Health: -7/64      AC: 24    Str: 20    XL:     9   Next: 95%
Magic:  4/7        EV: 10    Int:  5    God:    Okawaru [***...]
Gold:   311        SH: 13    Dex: 12    Spells: 0 memorised, 8 levels left

rFire  . . .     SeeInvis .     a - +0 war axe
rCold  . . .     Gourm    .     F - +0 plate armour
rNeg   . . .     Faith    .     c - +0 shield
rPois  .         Spirit   .     (helmet restricted)
rElec  .         Dismiss  .     u - +0 cloak
rCorr  .         Reflect  .     (no gloves)
SustAt .         Harm     .     (no boots)
MR     .....                    (no amulet)
Stlth  ..........               m - +3 ring of dexterity
                                v - +3 ring of protection

@: heroism, not resistant to hostile enchantments, extremely unstealthy
A: retaliatory headbutt, horns 2, rough black scales 1, clumsy 1, dopey 1, frail
2, low mp 1, regeneration 1
a: Heroism, Renounce Religion


You were in a bailey.
You worshipped Okawaru.
Okawaru was most pleased with you.
You were hungry.

You visited 2 branches of the dungeon, and saw 8 of its levels.
You also visited: Bailey.

You collected 311 gold pieces.

Inventory:

Hand Weapons
 a - a +0 war axe (weapon)
 n - a +0 battleaxe
 A - a +1 hand axe of holy wrath
Armour
 c - a +0 shield (worn)
 p - a +0 chain mail
 u - a +0 cloak (worn)
 F - a +0 plate armour (worn)
Jewellery
 e - a +3 ring of evasion
 m - a +3 ring of dexterity (right hand)
 v - a +3 ring of protection (left hand)
Wands
 k - a wand of random effects (16/48)
 y - a wand of polymorph (15/24)
 D - a wand of paralysis (4/24)
 E - a wand of acid (4/15)
Scrolls
 i - 4 scrolls of amnesia
 o - 2 scrolls of remove curse
 q - a scroll of recharging
 t - a scroll of teleportation
 G - 2 scrolls of identify
Potions
 b - a potion of heal wounds
 d - 2 potions of might
 h - 3 potions of flight
 j - 3 potions of haste
 s - a potion of ambrosia
 w - a potion of berserk rage
 x - a potion of cancellation
 z - a potion of agility
 B - a potion of magic
 C - a potion of lignification {unknown}
Comestibles
 f - 3 bread rations
 g - 2 slices of pizza
 l - 12 fruits
 r - 3 meat rations


   Skills:
 + Level 8.1(13.1) Fighting
 + Level 9.3(14.3) Axes
 + Level 7.5(12.5) Armour
 + Level 5.1(10.1) Dodging
 + Level 1.0(6.0) Stealth
 + Level 9.5(14.5) Shields


You had 8 spell levels left.
You didn't know any spells.

Dungeon Overview and Level Annotations

Branches:
Dungeon (7/15)             Temple (1/1) D:4

Altars:
Ashenzari
Cheibriados
Elyvilon
Fedhas
Gozag
Kikubaaqudgha
Nemelex Xobeh
Okawaru
Qazlal
Sif Muna
Trog
Vehumet
Xom

Annotations:
D:4 exclusion: oklob plant Bailey HungrySpirit's ghost, novice TrSk


Innate Abilities, Weirdness & Mutations

You reflexively headbutt those who attack you in melee.
You have a pair of horns on your head.
You are partially covered in rough black scales (AC +4, Dex -1).
You are clumsy. (Dex -2)
You are dopey. (Int -2)
You are very frail (-20% HP).
Your magical capacity is low (-10% MP).
Your natural rate of healing is unusually fast.


Message History

The orc knight is severely wounded.
You closely miss the orc warrior.
The orc warrior is severely wounded.
You hit the orc warrior.
You kill the orc warrior!
Okawaru accepts your kill.
You hit the orc knight but do no damage.
Your headbutt misses the orc knight.
The orc knight is severely wounded.
You hit the orc warrior but do no damage.
The orc warrior is severely wounded.
You feel like a meek peon again.
The orc warrior hits you with a war axe.
* * * LOW HITPOINT WARNING * * *
The orc knight barely misses you.
You gain the combat prowess of a mighty hero.
You feel slightly more hungry. You block the orc warrior's attack.
The orc knight grunts loudly.
The orc knight hits you with a broad axe!
You die...

.K≈≈...(...≈≈K.+
##≈≈.......≈≈###
.K≈≈...(...≈≈K.+
##≈≈...(...≈≈###
+≈≈.......≈≈K.+
#≈≈...(...≈≈###
##≈....W..≈##
####''o####
#...)@#
#∩}..)o∩#
#...8...#
##.....##
###'### ... ...
....


You could see an orc knight, an orc warrior and HungrySpirit's ghost.

Vanquished Creatures
  Pikel (D:4)
  Grinder (D:5)
  Prince Ribbit (D:7)
  Sigmund (D:5)
  Eustachio (D:5)
  Edmund (D:4)
  A sky beast (D:6)
  2 orc warriors
  3 phantoms
  4 ogres
  2 centaurs (D:6)
  2 giant frogs (D:6)
  2 scorpions
  3 vampire bats (D:6)
  A crimson imp (D:7)
  A giant frog zombie (D:6)
  A hound (D:5)
  7 orc priests
  Crazy Yiuf (D:2)
  Jessica (D:2)
  2 giant frog skeletons
  8 worker ants
  Ijyb (D:3)
  8 orc wizards
  A howler monkey zombie (D:6)
  A worker ant zombie (D:6)
  Robin (D:4)
  A howler monkey skeleton (D:5)
  3 gnolls (D:7)
  7 adders
  2 shadow imps
  An ooze (D:3)
  2 worms
  3 dart slugs
  3 giant geckos
  33 orcs
  3 ball pythons
  2 bat skeletons (D:6)
  3 bat zombies (D:6)
  7 giant cockroaches
  16 goblins
  12 hobgoblins
  9 jackals
  8 quokkas
  5 bats
  6 giant newts
  4 kobolds
  4 rats
193 creatures vanquished.

Vanquished Creatures (others)
  A worker ant (D:4)
  An adder (D:4)
  An orc (D:4)
  A giant cockroach (D:4)
  A jackal (D:4)
5 creatures vanquished.

Grand Total: 198 creatures vanquished

Notes
Turn   | Place    | Note
--------------------------------------------------------------
     0 | D:1      | senseless the Minotaur Fighter began the quest for the Orb.
     0 | D:1      | Reached XP level 1. HP: 19/19 MP: 0/0
   113 | D:1      | Reached XP level 2. HP: 25/27 MP: 1/1
   451 | D:2      | Reached XP level 3. HP: 31/33 MP: 2/2
   548 | D:2      | Noticed Jessica
   556 | D:2      | Killed Jessica
   556 | D:2      | Reached skill level 1 in Dodging
   556 | D:2      | Reached XP level 4. HP: 19/41 MP: 3/3
   739 | D:2      | Noticed Crazy Yiuf
   745 | D:2      | Killed Crazy Yiuf
   785 | D:3      | Found a faded altar to an unknown god.
   874 | D:3      | Reached XP level 5. HP: 47/47 MP: 4/4
   918 | D:3      | Noticed Ijyb
   927 | D:3      | Reached skill level 5 in Shields
   931 | D:3      | Killed Ijyb
   931 | D:3      | Reached skill level 5 in Fighting
  1196 | D:3      | Noticed an ogre
  1204 | D:3      | Killed an ogre
  1204 | D:3      | Reached XP level 6. HP: 56/56 MP: 5/5
  1617 | D:4      | Found a shattered altar of Ashenzari.
  1617 | D:4      | Noticed Edmund
  1625 | D:4      | Killed Edmund
  1637 | D:4      | Found a staircase to the Ecumenical Temple.
  1656 | D:4      | Reached skill level 5 in Armour
  1674 | Temple   | Entered the Ecumenical Temple
  1704 | Temple   | Became a worshipper of Warmaster Okawaru
  1775 | D:4      | Reached XP level 7. HP: 61/61 MP: 6/6
  1782 | D:4      | Noticed Pikel
  1794 | D:4      | Killed Pikel
  1794 | D:4      | Reached * piety under Okawaru
  1794 | D:4      | Reached skill level 5 in Axes
  1794 | D:4      | Reached XP level 8. HP: 66/70 MP: 7/7
  1931 | D:4      | Found a shimmering altar of Xom.
  2031 | D:4      | Noticed Robin
  2053 | D:4      | Killed Robin
  2155 | D:4      | Found a blossoming altar of Fedhas.
  2173 | D:4      | Noticed an oklob plant
  2293 | D:5      | Entered Level 5 of the Dungeon
  2317 | D:5      | Noticed Eustachio
  2338 | D:5      | Killed Eustachio
  2346 | D:5      | Noticed Sigmund
  2361 | D:5      | Killed Sigmund
  2361 | D:5      | Reached ** piety under Okawaru
  2361 | D:5      | Reached skill level 1 in Stealth
  2481 | D:5      | Found a bloodstained altar of Trog.
  2720 | D:5      | Noticed Grinder
  2729 | D:5      | Killed Grinder
  2785 | D:5      | Reached XP level 9. HP: 41/79 MP: 8/8
  3244 | D:6      | Gained mutation: You are partially covered in rough black scales (AC +4, Dex -1). [mutagenic meat]
  3245 | D:6      | Gained mutation: You are clumsy. (Dex -2) [mutagenic meat]
  3246 | D:6      | Gained mutation: Your natural rate of healing is unusually fast. [mutagenic meat]
  3247 | D:6      | Gained mutation: You are frail (-10% HP). [mutagenic meat]
  3302 | D:6      | Reached *** piety under Okawaru
  3322 | D:6      | Gained mutation: You are very frail (-20% HP). [potion of mutation]
  3322 | D:6      | Gained mutation: You are dopey. (Int -2) [potion of mutation]
  3322 | D:6      | Gained mutation: Your magical capacity is low (-10% MP). [potion of mutation]
  3443 | D:6      | Found an ancient bone altar of Kikubaaqudgha.
  3731 | D:6      | Reached skill level 5 in Dodging
  4145 | D:7      | Noticed Prince Ribbit
  4150 | D:7      | Killed Prince Ribbit
  4171 | D:7      | Found a flagged portal.
  4177 | Bailey   | Entered a bailey
  4191 | Bailey   | Noticed HungrySpirit's ghost (novice TrSk)
  4192 | Bailey   | Noticed an orc knight
  4212 | Bailey   | HP: 3/64 [orc knight/broad axe (21)]
  4222 | Bailey   | Mangled by an orc knight

Skill      XL: |  1  2  3  4  5  6  7  8  9 |
---------------+----------------------------+-----
Fighting       | 4 5 7 8 |  8.1
Shields        | 4 5 6 8 9 |  9.5
Axes           | 3 4 5 7 9 |  9.3
Dodging        | 1 2 3 4 5 |  5.1
Armour         | 4 5 6 7 |  7.5
Stealth        | 1 |  1.0

Action                   |  1- 3 |  4- 6 |  7- 9 || total
-------------------------+-------+-------+-------++-------
Melee: War axe           |    63 |   104 |   396 ||   563
       Headbutt          |     5 |    24 |    86 ||   115
Invok: Heroism           |       |       |     2 ||     2
  Use: Scroll            |       |    11 |     9 ||    20
       Potion            |       |       |     2 ||     2
  Eat: Chunk             |       |     3 |    13 ||    16
Armor: Scale mail        |    26 |    13 |       ||    39
       Chain mail        |       |    20 |   123 ||   143
       Plate armour      |       |       |    72 ||    72
Dodge: Dodged            |    24 |    51 |   162 ||   237
Block: Shield            |    46 |    63 |   282 ||   391
